 Dungeon Crawl Stone Soup version 0.21-a0-529-g8c7b3f5 (webtiles) character file.

13642 Amnesiac the Necromancer (level 11, -1/96 HPs)
             Began as a Deep Elf Necromancer on Dec 10, 2017.
             Was a High Priest of Sif Muna.
             Slain by a manticore (10 damage)
             ... on level 2 of the Lair of Beasts.
             The game lasted 00:37:10 (14215 turns).

Amnesiac the Necromancer (Deep Elf Necromancer)    Turns: 14215, Time: 00:37:10

Health: -1/96      AC: 27    Str:  6    XL:     11   Next: 78%
Magic:  2/38       EV:  2    Int: 26    God:    Sif Muna [*****.]
Gold:   742        SH:  5    Dex: 17    Spells: 23/34 levels left

rFire    . . .     SeeInvis .   z - +1 mace "Conservator" {crush, rElec MP+9 Str+4}
rCold    + . .     Gourm    .   r - +0 buckler
rNeg     + + +     Faith    .   (armour currently unavailable)
rPois    +         Spirit   .   (helmet currently unavailable)
rElec    +         Reflect  .   (cloak currently unavailable)
rCorr    .         Harm     +   (gloves currently unavailable)
MR       +....     NoTele   +   (boots currently unavailable)
Stlth    +++.......             q - amulet of harm
HPRegen  0.26/turn              u - +2 ring of protection
MPRegen  0.26/turn              Q - ring of Pyoree {rC+ Str-3}

@: tree-form, barbed spikes, very slightly contaminated, invisible, divine
energy
A: thin skeletal structure 1, clever 1, wild magic 1, no potion heal 2
a: Stop Divine Energy, Channel Magic, Forget Spell, Renounce Religion


You were on level 2 of the Lair of Beasts.
You worshipped Sif Muna.
Sif Muna was extremely pleased with you.
You were not hungry.
You were a tree.
You visited 2 branches of the dungeon, and saw 13 of its levels.

You collected 742 gold pieces.

Inventory:

Hand Weapons
 b - a +1 short sword of draining
 d - a +2 dagger of venom
 z - the +1 mace "Conservator" (weapon) {crush, rElec MP+9 Str+4}
   (You found it on level 6 of the Dungeon)

   It inflicts extra damage upon your enemies.
   It affects your strength (+4).
   It insulates you from electricity.
   It affects your magic capacity (+9).
 F - a +2 falchion of holy wrath
 G - a +0 hand axe of flaming
 H - the +5 demon whip "Spellbinder" {antimagic, MR+}
   (You took it off a crimson imp on level 5 of the Dungeon)

   It reduces the magical energy of the wielder, and disrupts the spells and
   magical abilities of those hit.
   Natural abilities and divine invocations are not affected.
   It affects your resistance to hostile enchantments.
 V - a +1 shortbow of flaming
Missiles
 n - 63 poisoned needles
 v - 7 curare-tipped needles
 W - 149 arrows
Armour
 i - a scarf of spirit shield (melded)
 k - a +1 pair of gloves (melded)
 r - a +0 buckler (worn)
 C - a +1 hat (melded)
 J - a +1 pair of boots (melded)
 K - a +1 robe of cold resistance (melded)
 X - a scarf of cloud immunity
Jewellery
 q - an amulet of harm (around neck)
 u - a +2 ring of protection (left branch)
 M - an uncursed ring of ice
 Q - the ring of Pyoree (right branch) {rC+ Str-3}
   (You found it on level 6 of the Dungeon)

   [ring of strength]

   It affects your strength (-3).
   It protects you from cold.
Wands
 p - a wand of flame (28)
 y - a wand of iceblast (4)
 D - a wand of random effects (101)
 E - a wand of enslavement (8)
 I - a wand of paralysis (6)
 L - a wand of digging (28)
Scrolls
 e - 5 scrolls of amnesia {!r}
 f - 10 scrolls of teleportation {!r}
 g - 4 scrolls of remove curse {!r}
 m - 3 scrolls of immolation {!r}
 o - 2 scrolls of holy word {!r}
 s - 4 scrolls of magic mapping {!r}
 t - a scroll of summoning {!r, unknown}
 B - 2 scrolls of enchant armour {!r}
 P - a scroll of enchant weapon {!r}
Potions
 R - a potion of agility {!q}
Comestibles
 a - 4 chunks of flesh
 c - 7 bread rations
 w - 7 meat rations
 x - 16 fruits
 T - 10 royal jellies


   Skills:
 - Level 6.0 Fighting
 - Level 6.0 Dodging
 - Level 2.4 Stealth
 - Level 4.0 Shields
 - Level 12.0 Spellcasting
 + Level 15.9 Necromancy


You had 23 spell levels left.
You knew the following spells:

 Your Spells              Type           Power        Failure   Level  Hunger
a - Summon Butterflies    Summ           ###.....     6%          1    None
b - Control Undead        Necr           #######...   1%          4    None
d - Vampiric Draining     Necr           #######...   1%          3    None
r - Regeneration          Chrm/Necr      ######....   1%          3    None


Dungeon Overview and Level Annotations

Branches:
Dungeon (11/15)            Temple (0/1) D:7            Lair (2/6) D:11
  Swamp: Lair:2-4    Shoals: Lair:2-4     Snake: Lair:2-4    Spider: Lair:2-4
    Orc: D:9-12

Altars:
Fedhas
Okawaru
Qazlal
Ru
Sif Muna
Trog
Xom
Zin
The Shining One

Shops:
D:4 %   D:9 (   D:11 :

Annotations:
Lair:1 exclusion: hydra


Innate Abilities, Weirdness & Mutations

((You are partially covered in thin metallic scales. (AC +2)))
You have a somewhat thin skeletal structure. (Dex +2, Stealth)
Your mind is acute. (Int +2)
Your spells are a little harder to cast, but a little more powerful.
Potions are poor at restoring your health.


Message History

* * * LOW HITPOINT WARNING * * *
You block the manticore's attack. The manticore barely misses you.
You barely miss the manticore.
The manticore is lightly wounded.
The manticore bites you but does no damage.
The manticore claws you but does no damage. x2
You closely miss the manticore.
The manticore is lightly wounded.
You regain access to your magic.
The manticore bites you.
* * * LOW HITPOINT WARNING * * *
The manticore claws you.
* * * LOW HITPOINT WARNING * * *
The manticore claws you.
* * * LOW HITPOINT WARNING * * *
Casting: Vampiric Draining
Confirm with . or Enter, or press ? or * to list all spells.
Aiming: Vampiric Draining
Press: ? - help, Shift-Dir - straight line, f/p - manticore
Aim: a manticore (lightly wounded)
The manticore is heavily wounded.
You feel life coursing into your body. Sif Muna grants you divine energy.
You briefly lose access to your magic!
The manticore bites you but does no damage.
The manticore claws you but does no damage.
The manticore claws you.
* * * LOW HITPOINT WARNING * * *
Really quaff
h - a potion of heal wounds {!q}?
Your system partially rejects the healing.
You feel much better.
The manticore bites you but does no damage.
The manticore claws you but does no damage. x2
Really read
t - a scroll labeled GEHUSEA JUAGAE {!r}?
Okay, then.
Really quaff
l - a potion of invisibility {!q}?
You fade into invisibility!
You regain access to your magic.
The manticore bites you but does no damage.
The manticore barely misses you.
The manticore claws you but does no damage.
You are very lightly contaminated with residual magic.
You hit the manticore.
The manticore is heavily wounded.
The manticore bites you.
* * * LOW HITPOINT WARNING * * *
The manticore claws you but does no damage. x2
You block the manticore's attack.
The manticore claws you but does no damage.
The manticore claws you!
* * * LOW HITPOINT WARNING * * *
Okay, then.
Really quaff
j - a potion of curing {!q}?
Your system partially rejects the healing.
You feel better.
The manticore bites you but does no damage.
The manticore claws you but does no damage. x2
Okay, then.
Evoke which item? (* to show all) (? for menu, Esc to quit)
Aiming: Paralyse
Press: ? - help, Shift-Dir - straight line, f/p - manticore
Aim: a manticore (heavily wounded, chance to defeat MR: 28%)
The manticore easily resists.
The manticore bites you!
You die...

.........# .
.......$## ..
#.P##...
...###..#≈..#
#.....≈#.≈#
#....#...#
.##....#.≈.##
..).....H...P#
..##..#≈#♣..##
#P..###P..#
...........##
............P#
............##
............#
..........#
#######...##
+.#####....#


You could see a manticore.

Vanquished Creatures
  Fannar (D:10)
  A centaur warrior (D:11)
  2 two-headed ogres
  Nergalle (D:10)
  A deep elf mage (D:10)
  A spiny frog (Lair:1)
  A kobold demonologist (D:9)
  A komodo dragon (Lair:1)
  A troll (D:10)
  3 blink frogs (Lair:2)
  A hippogriff (Lair:1)
  Sigmund (D:6)
  A shadow (Lair:1)
  7 yaks
  The ghost of Curus the Cudgeler, an amateur MiFi of Lugonu (D:3)
  A wyvern (D:10)
  Menkaure (D:8)
  A soldier ant (D:9)
  Duvessa (D:5)
  An acid dragon (D:11)
  4 water moccasins
  5 porcupines
  An ice beast (D:8)
  3 orc warriors
  2 sky beasts
  A hornet zombie (D:8)
  3 ogres
  A necrophage (D:7)
  4 centaurs
  4 crocodiles
  15 big kobolds (D:9)
  5 bullfrogs
  A gnoll sergeant (D:9)
  Dowan (D:5)
  A wyvern skeleton (D:9)
  13 killer bees (D:8)
  3 scorpions
  6 wights
  3 howler monkeys (D:7)
  An electric eel (D:11)
  A jelly (D:9)
  7 crimson imps
  2 orc priests
  4 hounds
  A quasit (D:9)
  Crazy Yiuf (D:6)
  An iguana (D:11)
  6 worker ants
  8 orc wizards
  A hound zombie (D:9)
  2 hound skeletons
  A howler monkey zombie (D:7)
  11 gnolls
  4 adders
  4 shadow imps
  An ooze (D:7)
  2 adder skeletons
  2 worms
  3 dart slugs
  2 leopard geckos
  28 orcs
  4 goblins
  7 hobgoblins
  20 jackals
  17 kobolds
  8 quokkas
  6 bats
  3 frilled lizards
  A quokka skeleton (D:4)
  7 rats
271 creatures vanquished.

Vanquished Creatures (collateral kills)
  2 yaks (D:10)
  A big kobold (D:7)
  2 wights
  An orc priest (D:9)
  2 worker ants (D:7)
  3 gnolls (D:8)
  2 giant cockroaches (D:6)
  3 jackals
  6 kobolds
22 creatures vanquished.

Vanquished Creatures (others)
  An orc wizard (D:4)
  2 plants (Lair:2)
3 creatures vanquished.

Grand Total: 296 creatures vanquished

Notes
Turn   | Place    | Note
-------+----------+-------------------------------------------
     0 | D:1      | Amnesiac the Deep Elf Necromancer began the quest for the Orb.
     0 | D:1      | Reached XP level 1. HP: 10/10 MP: 6/6
    67 | D:1      | Reached skill level 1 in Fighting
   225 | D:1      | Reached XP level 2. HP: 10/16 MP: 2/8
  1535 | D:2      | You fall through a shaft!
  1541 | D:3      | Reached XP level 3. HP: 13/21 MP: 3/9
  1550 | D:3      | Learned a level 3 spell: Vampiric Draining
  1554 | D:3      | Learned a level 3 spell: Regeneration
  2053 | D:2      | Found a sacrificial altar of Ru.
  2553 | D:3      | Reached skill level 1 in Shields
  2711 | D:3      | Noticed Curus's ghost (amateur MiFi)
  2718 | D:3      | Killed Curus's ghost
  2718 | D:3      | Reached XP level 4. HP: 24/27 MP: 10/10
  2718 | D:3      | Reached XP level 5. HP: 28/31 MP: 11/11
  2837 | D:4      | Got a pair of warped boots
  2838 | D:4      | Found an iron altar of Okawaru.
  2952 | D:4      | Identified the cursed +0 pair of boots of the Sailor {+Blink MR- Str+4} (You found it on level 4 of the Dungeon)
  3012 | D:4      | Found Jerilul's Food Boutique.
  3123 | D:4      | Reached XP level 6. HP: 28/36 MP: 3/12
  3174 | D:4      | Found a shimmering altar of Xom.
  3534 | D:4      | Reached XP level 7. HP: 37/42 MP: 13/13
  3780 | D:5      | Entered Level 5 of the Dungeon
  4482 | D:5      | Reached skill level 5 in Fighting
  4482 | D:5      | Reached skill level 5 in Dodging
  4674 | D:5      | Learned a level 4 spell: Control Undead
  4765 | D:5      | Reached XP level 8. HP: 39/50 MP: 14/14
  4780 | D:5      | Found a deep blue altar of Sif Muna.
  4788 | D:5      | Noticed Duvessa
  4789 | D:5      | Noticed Dowan
  4822 | D:5      | Killed Duvessa
  4826 | D:5      | HP: 1/51 [Dowan/shard of ice (16)]
  4837 | D:5      | Killed Dowan
  4916 | D:5      | Became a worshipper of Sif Muna the Loreminder
  5218 | D:6      | Noticed Menkaure
  5256 | D:6      | Reached skill level 5 in Necromancy
  5257 | D:6      | Found a stormy altar of Qazlal.
  5337 | D:6      | Got a scintillating turquoise ring
  5339 | D:6      | Noticed Sigmund
  5345 | D:6      | Identified the cursed ring of Pyoree {rC+ Str-3} (You found it on level 6 of the Dungeon)
  5427 | D:6      | Killed Sigmund
  5427 | D:6      | Reached skill level 6 in Necromancy
  5610 | D:6      | Found a runed door.
  5733 | D:6      | Found a bloodstained altar of Trog.
  5734 | D:6      | Found a glowing golden altar of the Shining One.
  5828 | D:6      | Found a glowing silver altar of Zin.
  5889 | D:6      | Noticed Crazy Yiuf
  5899 | D:6      | Killed Crazy Yiuf
  5910 | D:6      | Got an ichor-stained mace
  5911 | D:6      | Identified the cursed +1 mace "Conservator" {crush, rElec MP+9 Str+4} (You found it on level 6 of the Dungeon)
  5982 | D:7      | Found a staircase to the Ecumenical Temple.
  5998 | D:7      | Reached skill level 7 in Necromancy
  6036 | D:7      | Reached * piety under Sif Muna
  6086 | D:7      | Reached skill level 5 in Spellcasting
  6285 | D:7      | Reached XP level 9. HP: 43/55 MP: 19/19
  6816 | D:7      | Reached skill level 8 in Necromancy
  7341 | D:8      | Your ally died
  7565 | D:8      | Learned a level 1 spell: Summon Butterflies
  7593 | D:8      | Noticed a two-headed ogre
  7639 | D:8      | Reached ** piety under Sif Muna
  7647 | D:8      | Reached skill level 9 in Necromancy
  7746 | D:8      | Noticed a two-headed ogre
  7982 | D:7      | Killed a two-headed ogre
  7982 | D:7      | Reached skill level 10 in Necromancy
  8836 | D:8      | Reached skill level 11 in Necromancy
  8837 | D:8      | Gained mutation: Your body sometimes deteriorates upon taking damage. [potion of mutation]
  8837 | D:8      | Gained mutation: You have a pair of small antennae on your head. [potion of mutation]
  8838 | D:8      | Lost mutation: Your body sometimes deteriorates upon taking damage. [potion of mutation]
  8838 | D:8      | Gained mutation: You are clumsy. (Dex -2) [potion of mutation]
  8838 | D:8      | Gained mutation: Potions are less effective at restoring your health. [potion of mutation]
  8838 | D:8      | Gained mutation: Your spells are a little harder to cast, but a little more powerful. [potion of mutation]
  8970 | D:9      | Noticed a two-headed ogre
  9102 | D:9      | Reached *** piety under Sif Muna
  9102 | D:9      | Reached XP level 10. HP: 47/60 MP: 23/24
  9446 | D:9      | Found a blossoming altar of Fedhas.
  9615 | D:9      | Noticed a soul eater
  9618 | D:9      | Noticed a smoke demon
  9650 | D:9      | Reached skill level 12 in Necromancy
  9763 | D:9      | Reached skill level 10 in Spellcasting
  9825 | D:9      | Reached **** piety under Sif Muna
  9873 | D:9      | Found Iheow's Weapon Shoppe.
 10135 | D:9      | Reached skill level 13 in Necromancy
 10237 | D:10     | Entered Level 10 of the Dungeon
 10303 | D:10     | Noticed Fannar
 10320 | D:10     | Killed Fannar
 10421 | D:10     | Noticed Nergalle
 10502 | D:10     | HP: 1/60 [centaur/arrow (3)]
 10507 | D:10     | HP: 2/60 [poisoned by Nergalle]
 10555 | D:10     | Killed Nergalle
 10555 | D:10     | Reached skill level 14 in Necromancy
 10555 | D:10     | Reached XP level 11. HP: 38/64 MP: 17/27
 10652 | D:10     | Reached ***** piety under Sif Muna
 10670 | D:10     | Identified Sif Muna's Reference Book on Ignition and Companions {god gift} (Sif Muna gifted it to you on level 10 of the Dungeon)
 10670 | D:10     | Received a gift from Sif Muna
 10744 | D:10     | Noticed a deep elf mage
 10760 | D:10     | Killed a deep elf mage
 11030 | D:10     | Noticed a two-headed ogre
 11040 | D:10     | Killed a two-headed ogre
 11040 | D:10     | Reached skill level 15 in Necromancy
 11396 | D:11     | Found Yschub's Book Shoppe.
 11486 | D:11     | Found a staircase to the Lair.
 11526 | D:11     | Noticed a centaur warrior
 11541 | D:11     | Killed a centaur warrior
 12341 | Lair:1   | Entered Level 1 of the Lair of Beasts
 12490 | Lair:1   | Lost mutation: You have a pair of small antennae on your head. [potion of mutation]
 12490 | Lair:1   | Lost mutation: You are clumsy. (Dex -2) [potion of mutation]
 12490 | Lair:1   | Gained mutation: Potions are poor at restoring your health. [potion of mutation]
 12490 | Lair:1   | Gained mutation: You have a somewhat thin skeletal structure. (Dex +2, Stealth) [potion of mutation]
 12490 | Lair:1   | Gained mutation: You are partially covered in thin metallic scales. (AC +2) [potion of mutation]
 12490 | Lair:1   | Gained mutation: Your mind is acute. (Int +2) [potion of mutation]
 12925 | Lair:1   | Noticed an eight-headed hydra
 13002 | Lair:1   | Noticed an eight-headed hydra
 14215 | Lair:2   | Slain by a manticore

Vault maps used:
D:1:      doesnt_arrival_eight_statues
D:2:      nicolae_ru_path_of_blood
D:4:      kennysheep_big_flooded_room, kennysheep_mini_moat, serial_shops,
          nicolae_shop_behind_doors, first_bread, led_xom_imps
D:5:      lemuel_round_altar, uniq_duvessa
D:6:      zin_statuary, gammafunk_temple_overflow_statue, basic_altar,
          uniq_sigmund, uniq_menkaure, uniq_crazy_yiuf_cottage
D:7:      minmay_temple_entry_large_hall
D:8:      david_nohive_1, minmay_misc_feat_square, minmay_misc_feat_five,
          roderic_three_in_a_row
D:9:      serial_shops, nicolae_shop_behind_doors, fedhas_altar_2
D:10:     uniq_fannar, uniq_nergalle
D:11:     lair_entry_dummy, serial_shops, shop, roderic_st_hans_cross,
          minivault_14
Lair:1:   lemuel_fruit_tree
Lair:2:   minmay_shoals_entry_beasts, wad_woods_03, grunt_megastairs_5

Skill      XL: |  1  2  3  4  5  6  7  8  9 10 11 |
---------------+----------------------------------+-----
Fighting       | 1 2 3 5 6 |  6.0
Shields        | 3 4 |  4.0
Dodging        | 3 5 6 |  6.0
Necromancy     | 7 11 14 15 | 15.9
Spellcasting   | 5 8 10 12 | 12.0
Stealth        | |  2.4

Action                   |  1- 3 |  4- 6 |  7- 9 | 10-12 || total
-------------------------+-------+-------+-------+-------++-------
Melee: Unarmed           |     2 |       |       |       ||     2
       Short sword       |    37 |    76 |       |       ||   113
       Dagger            |       |    19 |   161 |    31 ||   211
       Mace              |       |       |   244 |   515 ||   759
       Demon whip        |       |       |    13 |    17 ||    30
       Hand axe          |       |       |       |    31 ||    31
       Falchion          |       |       |       |    12 ||    12
 Cast: Pain              |    43 |       |       |       ||    43
       Vampiric Draining |     8 |    10 |    65 |   139 ||   222
       Regeneration      |       |     2 |     8 |     7 ||    17
       Control Undead    |       |       |    31 |     7 ||    38
       Summon Butterflie |       |       |     2 |       ||     2
Invok: Divine Energy     |       |       |     1 |       ||     1
Evoke: Wand              |     7 |     3 |     3 |     2 ||    15
  Use: Scroll            |     3 |     1 |    13 |     5 ||    22
       Potion            |       |       |    12 |     6 ||    18
 Stab: Sleeping          |     1 |     3 |     2 |     5 ||    11
       Distracted        |       |       |     1 |     1 ||     2
       Betrayed ally     |       |       |     1 |     1 ||     2
  Eat: Chunk             |     6 |     4 |    16 |    13 ||    39
       Meat ration       |       |       |     2 |       ||     2
       Bread ration      |       |       |       |     1 ||     1
Armor: Robe              |     6 |    26 |   120 |   232 ||   384
       Skin              |       |       |    20 |    18 ||    38
Dodge: Dodged            |    29 |    54 |   438 |   552 ||  1073
Block: Buckler           |       |    12 |   162 |   217 ||   391
       Rpst.: Falchion   |       |       |       |     4 ||     4

Table legend:
 A = Spawn XP
 B = Non-spawn XP
 C = Spawn XP percentage of total XP
 D = Spawn monster count
 E = Non-spawn monster count
 F = Spawn count percentage of total count
 G = Total turns spent on level
                    A         B        C        D         E        F      G
               +---------+---------+-------+---------+---------+-------+---------
         Total |       0 |   19489 |   0.0 |       0 |     287 |   0.0 | 14215
               +---------+---------+-------+---------+---------+-------+---------
           D:1 |       0 |      24 |   0.0 |       0 |      16 |   0.0 |  1369
           D:2 |       0 |      35 |   0.0 |       0 |      17 |   0.0 |   993
           D:3 |       0 |     235 |   0.0 |       0 |      14 |   0.0 |   472
           D:4 |       0 |     508 |   0.0 |       0 |      25 |   0.0 |   956
           D:5 |       0 |     925 |   0.0 |       0 |      28 |   0.0 |  1567
           D:6 |       0 |     609 |   0.0 |       0 |      18 |   0.0 |   820
           D:7 |       0 |    1669 |   0.0 |       0 |      25 |   0.0 |  1501
           D:8 |       0 |    1819 |   0.0 |       0 |      31 |   0.0 |  1761
           D:9 |       0 |    3412 |   0.0 |       0 |      57 |   0.0 |  1062
          D:10 |       0 |    4790 |   0.0 |       0 |      21 |   0.0 |  1004
          D:11 |       0 |    1906 |   0.0 |       0 |      16 |   0.0 |  1140
        Lair:1 |       0 |    2319 |   0.0 |       0 |      13 |   0.0 |  1208
        Lair:2 |       0 |    1238 |   0.0 |       0 |       6 |   0.0 |   362
               +---------+---------+-------+---------+---------+-------+---------
